 Dungeon Crawl Stone Soup version 0.27.1-1-g398f81649c (webtiles) character file.

Game seed: 6628471221663885168

1733 Kala the Ruffian (level 8, -2/77 (79) HPs)
             Began as a Troll Monk on Sept 7, 2021.
             Slain by a wight (6 damage)
             ... on level 6 of the Dungeon.
             The game lasted 00:09:51 (4005 turns).

Kala the Ruffian (Troll Monk)                       Turns: 4005, Time: 00:09:52

HP:   -2/77 (79)    AC:  4    Str: 28    XL:     8   Next: 76%
MP:   7/7           EV: 11    Int:  6    God:
Gold: 259           SH:  0    Dex: 12    Spells: 7/7 levels left

rFire    . . .     SeeInvis .     - Unarmed
rCold    + . .     Faith    .   (no shield)
rNeg     . . .     Spirit   .   e - +0 robe {Will+}
rPois    .         Reflect  .   (helmet restricted)
rElec    .         Harm     .   (no cloak)
rCorr    .         Rampage  .   (gloves unavailable)
Will     +....                  (boots unavailable)
Stlth    ++........             (no amulet)
HPRegen  1.22/turn              a - +6 ring of strength
MPRegen  0.10/turn              n - ring of protection from cold

@: lightly drained
A: large, unfitting armour, claws 3, regeneration 1, shaggy fur 1, tough skin 1
a: no special abilities


You were on level 6 of the Dungeon.
You visited 1 branch of the dungeon, and saw 6 of its levels.

You collected 267 gold pieces.
You spent 8 gold pieces at shops.

Inventory:

Missiles
 j - 2 poisoned darts (quivered)
 m - 5 javelins
Armour
 e - a +0 robe of willpower (worn)
Jewellery
 a - a +6 ring of strength (left claw)
 n - a ring of protection from cold (right claw)
 o - a ring of magical power
 s - a ring of wizardry
 t - a ring of wizardry
 x - a ring of positive energy
Wands
 A - a wand of paralysis (14)
Scrolls
 b - a scroll of torment {unknown}
 c - 3 scrolls of teleportation {unknown}
 d - 2 scrolls of magic mapping {unknown}
 f - a scroll of enchant weapon {unknown}
 g - a scroll of fear {unknown}
 i - a scroll of summoning {unknown}
 l - 5 scrolls of identify {unknown}
 p - a scroll of noise {unknown}
 v - a scroll of enchant armour {unknown}
 y - a scroll of fog {unknown}
Potions
 h - 2 potions of heal wounds
 k - a potion of berserk rage {unknown}
 q - 2 potions of flight {unknown}
 r - 2 potions of mutation {unknown}
 w - a potion of magic {unknown}
 z - a potion of invisibility {unknown}


   Skills:
 + Level 4.9 Fighting
 + Level 4.1 Throwing
 + Level 4.8 Dodging
 - Level 1.0 Stealth
 * Level 7.8 Unarmed Combat


You had 7 spell levels left.
You didn't know any spells.
Your spell library contained the following spells:

 Spells                   Type           Power      Damage    Failure   Level
 Corpse Rot               Necr/Air       N/A        N/A       58%         2
 Passwall                 Tmut/Erth      0%         N/A       58%         2
 Swiftness                Air            0%         N/A       83%         3
 Dispel Undead            Necr           0%         3d6       99%         4
 Death Channel            Necr           0%         N/A       100%        6
 Invisibility             Hex            0%         N/A       100%        6


Dungeon Overview and Level Annotations

Branches:
Dungeon (6/15)
 Temple: D:4-7

Altars:
Dithmenos
Kikubaaqudgha

Shops:
D:3 (   D:5 (


Innate Abilities, Weirdness & Mutations

You are too large for most types of armour.
You have claws for hands.
Your natural rate of healing is unusually fast.
You are covered in fur. (AC +1)
You have tough skin. (AC +1)


Message History

Throw: 4 darts (poison)
Press: ? - help, Q - select action, (/) - cycle Shift-Dir - straight line, f/p - electric eel
Aim: an electric eel (severely wounded, very poisoned, 44% to hit)
You throw a poisoned dart.
The poisoned dart closely misses the electric eel.
You hear a splash.
A wight comes into view.
It is wielding a +0 halberd and wearing a +2 robe of cold resistance.
Throw: 3 darts (poison)
Press: ? - help, Q - select action, (/) - cycle Shift-Dir - straight line, f - wight
Aim: a wight, wielding a +3 long sword and wearing a +0 robe (62% to hit)
Okay, then.
A wight comes into view. It is wielding a +3 mace.
A wight comes into view. It is wielding a +3 flail of freezing.
Items here: ( ) [ †.
Throw: 3 darts (poison)
Press: ? - help, Q - select action, (/) - cycle Shift-Dir - straight line, f/p - electric eel
Aim: an electric eel (severely wounded, very poisoned, 44% to hit)
You throw a poisoned dart. The poisoned dart hits the wight.
Things that are here:
a +0 long sword; a +0 chain mail; an orc corpse You kill the electric eel!
The wight hits you with a +3 long sword.
You mangle the wight!!
You destroy the wight!
The wight barely misses you. The wight hits you with a +0 halberd.
The wight hits you with a +1 halberd of freezing!
The wight freezes you.
Items here: ( )) [[ †.
You claw the wight!
The wight is heavily damaged.
The electric eel shoots out a bolt of lightning at you!
The bolt of electricity hits the wight!
The wight is destroyed!
The bolt of electricity hits you! x2; The wight hits you with a +0 halberd!!
* * * LOW HITPOINT WARNING * * *
You feel drained.
* * * LOW HITPOINT WARNING * * *
The wight hits you from afar with a +0 halberd.
You die...

#.#.# #..### .. ≈≈♣...#
#.#.# #....# #P♣♣≈≈(...#
#.#.####.########..;≈≈♣≈.>##
#...##..............♣≈≈♣....
###.##.#.########♣..≈≈((.#
....##.#.####### #♣.z;♣..#
###.##.#.......# #.......#
###.##>#.#####.###z...♣..#
....##.#.# #.)@)z.♣.....?.
.......#.# ###############
###.####.# #.# #.# #.#
#.####### ##.## #.#.....###
#♣P♣≈♣##...♣≈≈...##
≈P≈≈≈≈≈♣P♣≈♣♣♣≈#..##
≈≈≈≈≈≈♣♣♣♣≈≈≈≈♣≈#..###


You could see an electric eel and 3 wights.

Vanquished Creatures
  Grinder (D:4)
  An orc warrior (D:6)
  An ice beast (D:6)
  A sky beast (D:6)
  A necrophage (D:5)
  2 ogres
  A centaur (D:6)
  A phantom (D:6)
  A scorpion (D:4)
  4 wights (D:6)
  5 electric eels (D:6)
  A howler monkey (D:4)
  A bullfrog zombie (D:5)
  2 hounds
  A centaur skeleton (D:5)
  3 orc wizards
  A scorpion zombie (D:5)
  A hound skeleton (D:4)
  A howler monkey skeleton (D:5)
  8 adders
  A white imp (D:6)
  2 ufetubi (D:6)
  A worm (D:2)
  2 dart slugs (D:1)
  6 orcs
  6 ball pythons
  5 bats
  3 endoplasms
  4 giant cockroaches
  5 goblins
  10 hobgoblins
  4 kobolds
  3 quokkas (D:1)
  3 frilled lizards
93 creatures vanquished.

Vanquished Creatures (others)
  A wight (D:6)
  An orc wizard (D:6)
  12 plants (D:6)
14 creatures vanquished.

Grand Total: 107 creatures vanquished

Notes
Turn   | Place    | Note
-------+----------+-------------------------------------------
     0 | D:1      | Kala the Troll Monk began the quest for the Orb.
     0 | D:1      | Reached XP level 1. HP: 22/22 MP: 0/0
   264 | D:1      | Reached XP level 2. HP: 29/29 MP: 1/1
   294 | D:1      | Found a faded altar of an unknown god.
   916 | D:2      | Reached XP level 3. HP: 35/36 MP: 2/2
  1541 | D:3      | Reached skill level 4 in Unarmed Combat
  1541 | D:3      | Reached XP level 4. HP: 41/44 MP: 3/3
  1568 | D:3      | You fall into a shaft and drop 1 floor!
  1601 | D:4      | Noticed a scorpion
  1606 | D:4      | Killed a scorpion
  1607 | D:4      | Reached skill level 1 in Throwing
  1671 | D:4      | Reached XP level 5. HP: 53/53 MP: 4/4
  1718 | D:4      | Noticed an ogre
  1729 | D:4      | Killed an ogre
  1748 | D:3      | Found Citecaba's Antique Weapon Emporium.
  2264 | D:3      | Found a shadowy altar of Dithmenos.
  2513 | D:4      | Noticed Grinder
  2521 | D:4      | Paralysed by Grinder for 2 turns
  2534 | D:4      | HP: 1/53 [Grinder (2)]
  2540 | D:4      | Killed Grinder
  2541 | D:4      | Reached skill level 5 in Unarmed Combat
  2541 | D:4      | Reached XP level 6. HP: 40/61 MP: 5/5
  2743 | D:4      | Reached XP level 7. HP: 63/68 MP: 6/6
  2774 | D:5      | Entered Level 5 of the Dungeon
  2776 | D:5      | Found an ancient bone altar of Kikubaaqudgha.
  3082 | D:5      | Reached skill level 6 in Unarmed Combat
  3221 | D:5      | Found Bemaimme's Weapon Emporium.
  3231 | D:5      | Bought 2 datura-tipped darts for 8 gold pieces
  3542 | D:6      | Reached XP level 8. HP: 74/78 MP: 7/7
  3660 | D:6      | Reached skill level 7 in Unarmed Combat
  4004 | D:6      | HP: 2/76 [wight (6)]
  4005 | D:6      | Slain by a wight

Illustrated notes

Levels and vault maps discovered:
D:1:      heliophobic_arrival_glass_houses, layout_loops_ring,
          dreamdust_ecumenical_altar_angels_and_demons
D:2:      layout_basic
D:3:      layout_basic, mainiacjoe_overflow_cross_hatched, serial_shops, shop
D:4:      layout_rooms, uniq_grinder
D:5:      layout_gridville, mainiacjoe_overflow_boulevard, serial_shops, shop
D:6:      layout_loops_ring, grunt_temple_overflow_lords_of_destruction,
          serial_bayou, serial_bayou_shore_b, serial_bayou_lagoon_b,
          serial_bayou_pond_d, serial_bayou_pond_a

Skill      XL: |  1  2  3  4  5  6  7  8 |
---------------+-------------------------+-----
Unarmed Combat | 4 5 6 7 |  7.8
Fighting       | 3 4 |  4.9
Throwing       | 1 2 3 4 |  4.1
Dodging        | 3 4 |  4.8
Stealth        | |  1.0

Action                   |  1- 3 |  4- 6 |  7- 9 || total
-------------------------+-------+-------+-------++-------
Melee: Unarmed           |    77 |    69 |   118 ||   264
       Punch             |       |     2 |     5 ||     7
Throw: Dart              |    13 |    11 |    26 ||    50
  Use: Potion            |       |     1 |       ||     1
 Stab: Sleeping          |     1 |     1 |     1 ||     3
       Distracted        |       |       |     1 ||     1
Armor: Robe              |    24 |    11 |    29 ||    64
Dodge: Dodged            |    31 |    19 |    65 ||   115
